 Dungeon Crawl Stone Soup version 0.30.1-11-g7821555f0a (webtiles) character file.

Game seed: 7915071787593334110

3311 Alkoric the Cleaver (level 9, 0/85 HPs)
             Began as a Minotaur Berserker on Dec 24, 2023.
             Was an Elder of Trog.
             Slain by a hornet (3 damage)
             ... while paralysed by a hornet
             ... on level 9 of the Dungeon.
             The game lasted 00:22:23 (4600 turns).

Alkoric the Cleaver (Minotaur Berserker)            Turns: 4600, Time: 00:22:23

Health: 0/85       AC: 17    Str: 26    XL:     9   Next: 70%
Magic:  8/8        EV:  2    Int:  4    God:    Trog [****..]
Gold:   339        SH:  0    Dex: 10    Spells: 8/8 levels left

rFire   . . .        a - +0 hand axe
rCold   + . .        (no shield)
rNeg    . . .        m - +0 plate armour
rPois   .            (helmet restricted)
rElec   .            e - +2 cloak
rCorr   .            (no gloves)
SInv    .            (no boots)
Will    .....        (no amulet) Stlth
                     r - ring of protection from cold
HPRegen 0.34/turn    (no ring)
MPRegen 0.11/turn

%: no passive effects
@: paralysed, lethally poisoned (0 -> -8), slowed
A: horns 2, retaliatory headbutt
a: Renounce Religion, Berserk, Trog's Hand, Brothers in Arms


You were on level 9 of the Dungeon.
You worshipped Trog.
Trog was greatly pleased with you.
You visited 2 branches of the dungeon, and saw 9 of its levels.

You collected 339 gold pieces.

Inventory:

Hand Weapons
 a - a +0 hand axe (weapon)
 v - a +0 flail of draining
 D - a +0 heavy quarterstaff
 E - a +3 shortbow
Missiles
 x - a throwing net (quivered)
Armour
 b - a +0 animal skin
 e - a +2 cloak (worn)
 h - a +0 leather armour
 l - a +0 pair of boots
 m - a +0 plate armour (worn)
 w - a +0 scale mail
 z - a +0 barding
Jewellery
 r - a ring of protection from cold (left hand)
Wands
 n - a wand of flame (10)
 s - a wand of charming (3)
 C - a wand of polymorph (12)
 F - a wand of mindburst (2)
Scrolls
 c - a scroll of amnesia {unknown}
 d - 9 scrolls of identify {unknown}
 i - a scroll of fear {unknown}
 o - 2 scrolls of vulnerability {unknown}
 u - a scroll of fog {unknown}
 y - 3 scrolls of immolation {unknown}
 A - 3 scrolls of enchant armour {unknown}
 B - 2 scrolls of teleportation {unknown}
Potions
 f - 2 potions of heal wounds {unknown}
 g - a potion of resistance {unknown}
 j - a potion of berserk rage {unknown}
 k - a potion of curing {unknown}
 p - a potion of brilliance {unknown}
 q - 3 potions of lignification {unknown}
 t - a potion of mutation {unknown}


   Skills:
 + Level 10.0 Fighting
 + Level 10.3 Axes
 + Level 9.9 Armour
 - Level 2.1 Dodging


You had 8 spell levels left.
You didn't know any spells.
Your spell library contained the following spells:

 Spells                   Type           Power      Damage    Failure   Level
 Ozocubu's Armour         Ice            0%         N/A       100%        3
 Ozocubu's Refrigeration  Ice            0%         4d7       100%        7


Dungeon Overview and Level Annotations

Branches:
Dungeon (9/15)             Temple (1/1) D:6
   Lair: D:8-11         Orc: D:9-12

Altars:
Ashenzari
Cheibriados
Elyvilon
Fedhas
Gozag
Hepliaklqana
Kikubaaqudgha
Makhleb
Nemelex Xobeh
Okawaru
Qazlal
Sif Muna
Trog
Uskayaw
Vehumet
Wu Jian
Zin
The Shining One

Shops:
D:6 *


Innate Abilities, Weirdness & Mutations

You have a pair of horns on your head.
You reflexively headbutt those who attack you in melee.


Message History

You barely miss the hornet.
The hornet is moderately wounded.
You feel sick. The hornet closely misses you. The hornet stings you!
You are more poisoned.
You feel yourself slow down.
You hit the hornet.
The hornet is moderately wounded.
You feel very sick.
The hornet stings you but does no damage.
You hit the hornet but do no damage.
The hornet is moderately wounded.
You feel yourself speed up.
You feel very sick. The hornet closely misses you. You furiously retaliate!
You headbutt the hornet! The hornet stings you!
You feel yourself slow down.
You hit the hornet but do no damage.
The hornet is heavily wounded.
You feel sick. The hornet closely misses you. You furiously retaliate!
You headbutt the hornet! The hornet stings you.
You feel as though you will be slow longer.
You closely miss the hornet.
The hornet is severely wounded.
You feel sick. The hornet stings you.
You feel as though you will be slow longer.
The hornet stings you but does no damage.
You closely miss the hornet.
The hornet is severely wounded.
You feel sick. The hornet stings you.
* * * LOW HITPOINT WARNING * * *
You feel as though you will be slow longer.
The hornet stings you.
* * * LOW HITPOINT WARNING * * *
You suddenly lose the ability to move!
You feel sick. The hornet stings you!
* * * LOW HITPOINT WARNING * * *
You are lethally poisoned!
You feel as though you will be slow longer.
* * * LOW HITPOINT WARNING * * *
You feel sick. The hornet stings you.
You die...

...>....#......#.#.###.#.#
............###...#...##.#
####.##.##.##...#..:.....#
#.##.##.##.#...##..####
#.##[##.##.##.###..#
#.##.##....##.# #..#
#.##.########.###..#
..##.########......# #.
#.........@y....#
###########....## #.#.#
.#.# .# # .#


You could see a hornet.

Vanquished Creatures
  Joseph (D:7)
  A troll (D:9)
  Grinder (D:3)
  A steam dragon (D:9)
  Edmund (D:5)
  2 water moccasins
  An ice beast (D:5)
  A sky beast (D:6)
  An orc warrior (D:7)
  A black bear (D:5)
  An ogre (D:7)
  4 centaurs (D:7)
  2 phantoms
  2 kobold brigands (D:7)
  2 bullfrogs (D:7)
  3 scorpions
  A killer bee (D:7)
  A howler monkey (D:5)
  2 hounds
  4 gnoll boudas
  2 orc priests
  A sleepcap (D:4)
  Ijyb (D:4)
  An iguana (D:5)
  2 orc wizards (D:7)
  11 gnolls
  9 adders
  3 shadow imps
  A white imp (D:6)
  2 worms
  7 dart slugs
  9 orcs
  6 endoplasms
  2 giant cockroaches
  6 hobgoblins
  6 jackals
  10 kobolds
  5 quokkas
  A ball python (D:1)
  4 bats
  2 frilled lizards (D:2)
  6 goblins
  4 rats (D:1)
134 creatures vanquished.

Notes
Turn   | Place    | Note
-------+----------+-------------------------------------------
     0 | D:1      | Alkoric the Minotaur Berserker began the quest for the Orb.
     0 | D:1      | Reached XP level 1. HP: 19/19 MP: 0/0
   106 | D:1      | Reached XP level 2. HP: 25/26 MP: 1/1
   368 | D:1      | Reached ** piety under Trog
   369 | D:1      | Reached XP level 3. HP: 26/33 MP: 2/2
   900 | D:2      | Reached XP level 4. HP: 40/40 MP: 3/3
   901 | D:3      | Found a broken altar of Ashenzari.
  1140 | D:3      | Noticed Grinder
  1160 | D:3      | Paralysed by Grinder for 2 turns
  1172 | D:3      | Killed Grinder
  1173 | D:3      | Reached skill level 5 in Fighting
  1173 | D:3      | Reached skill level 5 in Axes
  1173 | D:3      | Reached skill level 5 in Armour
  1173 | D:3      | Reached XP level 5. HP: 11/48 MP: 4/4
  1173 | D:3      | Reached XP level 6. HP: 13/56 MP: 5/5
  1557 | D:4      | Noticed Ijyb
  1569 | D:4      | Killed Ijyb
  1852 | D:4      | Reached XP level 7. HP: 41/63 MP: 6/6
  1974 | D:5      | Entered Level 5 of the Dungeon
  2006 | D:5      | Reached *** piety under Trog
  2216 | D:5      | Noticed Edmund
  2242 | D:5      | Killed Edmund
  2243 | D:5      | Reached XP level 8. HP: 56/69 MP: 7/7
  2421 | D:6      | Found Oshikoki's General Store.
  2578 | D:6      | Found a staircase to the Ecumenical Temple.
  2586 | Temple   | Entered the Ecumenical Temple
  3040 | D:7      | Noticed Joseph
  3056 | D:7      | Killed Joseph
  3532 | D:7      | Reached XP level 9. HP: 82/82 MP: 8/8
  3971 | D:7      | Reached **** piety under Trog
  4250 | D:7      | You fall into a shaft and drop 2 floors!
  4308 | D:9      | Noticed a troll
  4316 | D:9      | Killed a troll
  4317 | D:9      | Reached skill level 10 in Axes
  4503 | D:9      | Reached skill level 10 in Fighting
  4598 | D:9      | Paralysed by a hornet for 3 turns
  4600 | D:9      | HP: 3/85 [poisoned by a hornet]
  4600 | D:9      | Slain by a hornet

Illustrated notes

Levels and vault maps discovered:
D:1:      ebering_trefoil_twist, layout_basic, minmay_vboxes
D:2:      layout_loops_ring, serial_shops, nicolae_shop_window_shopping
D:3:      layout_basic, grunt_dithmenos_smoke, nicolae_ashenzari_skybound,
          uniq_grinder
D:4:      kennysheep_spiral_hall, layout_rooms, minivault_5, uniq_natasha,
          uniq_ijyb
D:5:      layout_rooms, uniq_edmund
D:6:      layout_basic, minmay_temple_entry_mist, serial_shops, shop,
          grunt_tough_drop, uniq_crazy_yiuf_cottage, uniq_prince_ribbit1
D:7:      minmay_the_grid_square_5x5_3x3 [minmay_the_grid_square_5x5_v,
          minmay_the_grid_square_5x5_minibox,
          minmay_the_grid_square_5x5_three_walls,
          minmay_the_grid_square_5x5_shuriken,
          minmay_the_grid_square_5x5_megaprize_diamond,
          minmay_the_grid_square_5x5_pentomino_r,
          minmay_the_grid_square_5x5_checkered_sparse,
          minmay_the_grid_square_5x5_z, minmay_the_grid_square_5x5_slash],
          layout_rooms, nicolae_kite_square_tiling_tiny, uniq_joseph
D:9:      layout_loops_ring, nicolae_overflow_crystal_walls, minivault_14
Temple:   bh_familiar_temple

Skill      XL: |  1  2  3  4  5  6  7  8  9 |
---------------+----------------------------+-----
Axes           | 4 5 6 7 9 10 | 10.3
Armour         | 3 5 7 8 9 |  9.9
Fighting       | 4 5 6 7 8 10 | 10.0
Dodging        | |  2.1

Action                     |  1- 3 |  4- 6 |  7- 9 || total
---------------------------+-------+-------+-------++-------
  Melee: Hand axe          |    73 |    90 |   305 ||   468
         Headbutt          |     9 |    19 |    61 ||    89
         Punch             |     1 |       |     6 ||     7
 Invoke: Berserk           |       |     1 |     4 ||     5
 Armour: Animal skin       |    16 |       |       ||    16
         Leather armour    |     9 |     7 |       ||    16
         Plate armour      |       |    45 |   192 ||   237
  Dodge: Dodged            |    55 |    39 |   118 ||   212
